 Dungeon Crawl Stone Soup version 0.29.0-4-gdea44cf6ec (webtiles) character file.

Game seed: 12023079319433246390

445 qw the Cleaver (level 6, -7/78 HPs)
             Began as a Minotaur Berserker on Sept 9, 2022.
             Was a Priest of Trog.
             Mangled by a two-headed ogre
             ... wielding a +0 giant club
              (17 damage)
             ... on level 4 of the Dungeon.
             The game lasted 00:01:24 (3940 turns).

qw the Cleaver (Minotaur Berserker)                 Turns: 3940, Time: 00:01:25

Health: -7/78      AC: 13    Str: 23    XL:     6   Next: 72%
Magic:  0/5        EV:  7    Int:  4    God:    Trog [***...]
Gold:   249        SH:  0    Dex: 14    Spells: 5/5 levels left

rFire   + + +      SeeInvis .   Y - +2 hand axe
rCold   + + .      Faith    .   (no shield)
rNeg    . . .      Spirit   +   e - +0 plate armour
rPois   .          Reflect  .   (helmet restricted)
rElec   .          Harm     .   f - scarf {rC+ rF+}
rCorr   .          Rampage  .   (no gloves)
Will    .....                   b - +1 pair of boots "Jotamamy" {Contam rF++ Dex+4}
Stlth   ..........              o - amulet of guardian spirit
HPRegen 0.23/turn               p - ring of protection from cold
MPRegen 0.09/turn               (no ring)

@: berserking, very quick
A: horns 2, retaliatory headbutt
a: Renounce Religion, Berserk, Trog's Hand


You were on level 4 of the Dungeon.
You worshipped Trog.
Trog was most pleased with you.
You visited 1 branch of the dungeon, and saw 5 of its levels.

You collected 249 gold pieces.


Innate Abilities, Weirdness & Mutations

You have a pair of horns on your head.
You reflexively headbutt those who attack you in melee.


   Skills:
 - Level 4.3 Fighting
 + Level 8.8 Axes
 - Level 3.0 Armour
 - Level 2.1 Dodging


You had 5 spell levels left.
You didn't know any spells.
Your spell library was empty.

Inventory:

Hand Weapons
 g - a +0 morningstar
 Y - a +2 hand axe (weapon)
Armour
 b - the +1 pair of boots "Jotamamy" (worn) {Contam rF++ Dex+4}
   (You acquired it on level 1 of the Dungeon)

   Dex:       It affects your dexterity (+4).
   rF:        It greatly protects you from fire.
   Contam:    It causes magical contamination when unequipped.
 e - a +0 plate armour (worn)
 f - a scarf of resistance (worn)
 q - a +0 cloak
Jewellery
 o - an amulet of guardian spirit (around neck)
 p - a ring of protection from cold (left hand)
Scrolls
 a - a scroll of identify
Potions
 c - a potion of ambrosia {unknown}
 d - a potion of might
 h - a potion of magic {unknown}
 i - a potion of lignification {unknown}
 j - a potion of curing
 k - a potion of berserk rage {unknown}
 m - a potion of cancellation {unknown}
 n - 6 potions of heal wounds
 r - a potion of mutation {unknown}
 s - a potion of flight {unknown}

Dungeon Overview and Level Annotations

Branches:
Dungeon (5/15)
 Temple: D:4-7

Altars:
Ashenzari
Cheibriados
Dithmenos
Elyvilon
Nemelex Xobeh
Trog
Wu Jian
The Shining One

Shops:
D:1 [


Message History

You start resting.
Magic restored.
You start resting.
HP restored.
Done exploring.
(D) Dungeon
Where to? (* - list waypoints, Enter - D:5, ? - help)
What level of the Dungeon? (default 1, ? - help)
You climb downwards.
The iguana bites you.
The two-headed ogre hits you with a +0 giant club!
The two-headed ogre barely misses you.
The iguana bites you but does no damage.
The orc priest barely misses you.
There is a stone staircase leading up, spattered with blood here.
3935 ||| STAIRDANCE The two-headed ogre barely misses you.
The two-headed ogre hits you with a +0 giant spiked club!!
The orc priest hits you but does no damage.
The iguana bites you.
You climb upwards.
There is a stone staircase leading down here.
3937 ||| INVOKING Berserk.
A red film seems to cover your vision as you go berserk!
You feel yourself moving faster!
You feel mighty! The orc priest barely misses you.
The two-headed ogre hits you with a +0 giant club!!
The two-headed ogre hits you with a +0 giant spiked club.
The iguana bites you but does no damage.
You closely miss the two-headed ogre. You slash the iguana!
You closely miss the orc priest. You slash the iguana!
You kill the iguana!
Trog accepts your kill.
You hit the two-headed ogre. You hit the orc priest.
The orc priest barely misses you.
You barely miss the orc priest. You headbutt the orc priest.
The orc priest is almost dead.
You hit the two-headed ogre.
The two-headed ogre hits you with a +0 giant club!
You die...

.# ##.#.#......# ## .#
#...#......######## ##. .#
##..#.............# ##.. .##
##.#........##..## #..# ..###
#.#......#.##.## #.## #...#
#.#......#....# ##.# ###.#
#.###.###..#### #..# #.## #.#
#o# #...# #.## #..#
#.###@###.#.# #.### ##.##
#..#.[O...#.######.#.. #..#
#..#.................# ##)#
#..[......#..######.## #.#
#.####.)####.#####..## #.###
#.##......##...#......
#...####.##)####.##.....##..<
###...#..........(<..........
####.#.>.#.####...####.#####


You could see a two-headed ogre and an orc priest.

Vanquished Creatures
  A sky beast (D:4)
  An ogre (D:4)
  An orc priest (D:4)
  3 iguanas (D:4)
  An orc wizard (D:3)
  5 adders
  An ufetubus (D:4)
  2 worms
  8 orcs
  5 ball pythons
  9 bats
  7 endoplasms
  4 giant cockroaches (D:1)
  5 hobgoblins
  3 jackals (D:4)
  A quokka (D:1)
  6 frilled lizards
  8 goblins
  5 kobolds
  2 rats
78 creatures vanquished.

Notes
Turn   | Place    | Note
-------+----------+-------------------------------------------
     0 | D:1      | qw the Minotaur Berserker began the quest for the Orb.
     0 | D:1      | Reached XP level 1. HP: 19/19 MP: 0/0
     0 | D:1      | 0 ||| qw: Version: 0.1-a-113-g051387a
     0 | D:1      | 0 ||| qw: Game counter: 7042
     0 | D:1      | 0 ||| qw: Always use a shield: true
     0 | D:1      | 0 ||| qw: Do Orc after D:15 true
     0 | D:1      | 0 ||| qw: Do second Lair branch before Depths: true
     0 | D:1      | 0 ||| qw: Lair rune preference: random
     0 | D:1      | 0 ||| qw: Plans: Normal
     0 | D:1      | 0 ||| PLANNING D:1-11
   132 | D:1      | 132 ||| INVOKING Berserk.
   134 | D:1      | Reached skill level 4 in Axes
   145 | D:1      | 145 ||| Stepping ~*~*~tactically~*~*~ (stealth).
   167 | D:1      | 167 ||| Stepping ~*~*~tactically~*~*~ (stealth).
   304 | D:1      | 304 ||| Stepping ~*~*~tactically~*~*~ (stealth).
   306 | D:1      | 306 ||| Stepping ~*~*~tactically~*~*~ (stealth).
   316 | D:1      | 316 ||| Stepping ~*~*~tactically~*~*~ (stealth).
   346 | D:1      | Reached XP level 2. HP: 25/26 MP: 1/1
   354 | D:1      | Found a faded altar of an unknown god.
   369 | D:1      | 369 ||| DROPPING +0 club.
   604 | D:1      | Found Orchyruv's Armour Emporium.
   609 | D:1      | 609 ||| SHOPLISTING +0 ring mail (44 gold, have 20).
   609 | D:1      | 609 ||| SHOPLISTING +0 ring mail "Niecey" {Dex+5} (236
                  | gold, have 20).
   609 | D:1      | 609 ||| SHOPLISTING +2 cloak of the Valley of Death {rElec
                  | Stlth+} (344 gold, have 20).
   609 | D:1      | 609 ||| SHOPLISTING +3 leather armour of Complete
                  | Protection {rF++} (456 gold, have 20).
   993 | D:1      | Reached ** piety under Trog
   994 | D:1      | Reached skill level 5 in Axes
  1011 | D:1      | Reached XP level 3. HP: 21/31 MP: 2/2
  1320 | D:1      | 1320 ||| UPGRADING to +0 leather armour.
  1330 | D:1      | 1330 ||| DROPPING +0 animal skin.
  1331 | D:1      | 1331 ||| DROPPING amulet of magic regeneration.
  1332 | D:1      | 1332 ||| UPGRADING to ring of protection from cold.
  1333 | D:1      | 1333 ||| READING 2 scrolls labelled VUFOKUE RUZAC.
  1334 | D:1      | 1334 ||| READING scroll labelled KITIOD KAWEKU.
  1335 | D:1      | 1335 ||| READING scroll labelled HETHENT SYEQ.
  1340 | D:1      | 1340 ||| READING 2 scrolls labelled ICWASA KAWUTUPIECO.
  1341 | D:1      | 1341 ||| READING scroll labelled WIOLIG ZANOKE.
  1341 | D:1      | Identified a scroll of acquirement
  1341 | D:1      | 1341 ||| ACQUIRING +1 pair of boots "Jotamamy" {Contam rF++
                  | Dex+4}
  1341 | D:1      | Acquired the +1 pair of boots "Jotamamy" {Contam rF++
                  | Dex+4}
  1343 | D:1      | 1343 ||| UPGRADING to +1 pair of boots "Jotamamy" {Contam
                  | rF++ Dex+4}.
  1348 | D:1      | 1348 ||| READING scroll labelled HOFAARCH XAFA.
  1349 | D:1      | 1349 ||| DRINKING 4 inky potions.
  1350 | D:1      | 1350 ||| DRINKING 2 smoky amethyst potions.
  1351 | D:1      | 1351 ||| DROPPING 3 potions of attraction.
  1352 | D:1      | 1352 ||| DROPPING scroll of summoning.
  1783 | D:2      | 1783 ||| UPGRADING to scarf of resistance.
  1788 | D:2      | 1788 ||| UPGRADING to +0 ring mail.
  1798 | D:2      | 1798 ||| DROPPING +0 leather armour.
  1799 | D:2      | 1799 ||| UPGRADING to amulet of guardian spirit.
  1804 | D:2      | 1804 ||| READING scroll labelled JOSAKO VAIKU.
  1805 | D:2      | 1805 ||| READING scroll labelled BADIPOH XIRUIRR.
  1806 | D:2      | 1806 ||| READING scroll of teleportation.
  1877 | D:3      | Identified the +1 pair of boots of the Earth {rN+}
  1907 | D:3      | 1907 ||| Stepping ~*~*~tactically~*~*~ (stealth).
  1911 | D:3      | 1911 ||| Stepping ~*~*~tactically~*~*~ (hiding).
  1950 | D:3      | 1950 ||| Stepping ~*~*~tactically~*~*~ (stealth).
  1952 | D:3      | 1952 ||| Stepping ~*~*~tactically~*~*~ (hiding).
  1958 | D:3      | 1958 ||| INVOKING Berserk.
  1959 | D:3      | Reached skill level 6 in Axes
  1959 | D:3      | Reached XP level 4. HP: 39/39 MP: 3/3
  2745 | D:3      | 2745 ||| DROPPING +1 pair of boots of the Earth {rN+}.
  2746 | D:3      | 2746 ||| READING scroll labelled SELESS MEXKE.
  2747 | D:3      | 2747 ||| DRINKING 2 brown potions.
  2748 | D:3      | 2748 ||| READING 2 scrolls of identify.
  2748 | D:3      | 2748 ||| IDENTIFYING glowing orange potion
  2749 | D:3      | 2749 ||| DROPPING potion of brilliance.
  2756 | D:4      | 2756 ||| PLANNING SEWER
  2763 | D:4      | Noticed a sky beast
  2769 | D:4      | Killed a sky beast
  2770 | D:4      | Reached skill level 7 in Axes
  2770 | D:4      | Reached XP level 5. HP: 44/45 MP: 4/4
  2782 | D:4      | 2782 ||| Stepping ~*~*~tactically~*~*~ (stealth).
  2784 | D:4      | 2784 ||| Stepping ~*~*~tactically~*~*~ (stealth).
  2801 | D:4      | 2801 ||| FLEEEEING.
  2802 | D:4      | 2802 ||| FLEEEEING.
  2804 | D:4      | 2804 ||| FLEEEEING.
  2805 | D:4      | 2805 ||| FLEEEEING.
  2806 | D:4      | 2806 ||| STAIRDANCE
  2898 | D:4      | 2898 ||| Stepping ~*~*~tactically~*~*~ (stealth).
  2899 | D:4      | 2899 ||| Stepping ~*~*~tactically~*~*~ (stealth).
  2909 | D:4      | 2909 ||| Stepping ~*~*~tactically~*~*~ (stealth).
  2911 | D:4      | 2911 ||| Stepping ~*~*~tactically~*~*~ (stealth).
  3191 | D:4      | Reached *** piety under Trog
  3192 | D:4      | Reached skill level 8 in Axes
  3192 | D:4      | Reached XP level 6. HP: 52/52 MP: 5/5
  3393 | D:4      | 3393 ||| READING scroll of enchant weapon.
  3393 | D:4      | 3393 ||| ENCHANTING +1 hand axe.
  3415 | D:4      | Found a glowing drain.
  3416 | D:4      | 3416 ||| DRINKING 2 orange potions.
  3423 | D:4      | 3423 ||| Stepping randomly (stuck).
  3424 | D:4      | 3424 ||| Stepping randomly (stuck).
  3426 | D:4      | 3426 ||| Stepping randomly (stuck).
  3427 | D:4      | 3427 ||| Stepping randomly (stuck).
  3428 | D:4      | 3428 ||| Stepping randomly (stuck).
  3429 | D:4      | 3429 ||| Stepping randomly (stuck).
  3444 | D:4      | 3444 ||| RIP SEWER
  3453 | D:4      | 3453 ||| PLANNING D:1-11
  3523 | D:4      | Found an ornate altar of the Wu Jian Council.
  3523 | D:4      | Found a snail-covered altar of Cheibriados.
  3523 | D:4      | Found a white marble altar of Elyvilon.
  3530 | D:4      | Found a shadowy altar of Dithmenos.
  3533 | D:4      | Found a glowing golden altar of the Shining One.
  3535 | D:4      | Found a broken altar of Ashenzari.
  3539 | D:4      | Found a bloodstained altar of Trog.
  3541 | D:4      | Found a sparkling altar of Nemelex Xobeh.
  3542 | D:4      | 3542 ||| INVOKING Berserk.
  3750 | D:4      | 3750 ||| UPGRADING to +0 plate armour.
  3760 | D:4      | 3760 ||| DROPPING +0 ring mail.
  3765 | D:5      | Entered Level 5 of the Dungeon
  3765 | D:5      | Noticed a two-headed ogre
  3766 | D:5      | 3766 ||| STAIRDANCE
  3768 | D:4      | 3768 ||| INVOKING Berserk.
  3877 | D:5      | 3877 ||| STAIRDANCE
  3878 | D:5      | Reached skill level 3 in Armour
  3935 | D:5      | 3935 ||| STAIRDANCE
  3937 | D:4      | 3937 ||| INVOKING Berserk.
  3937 | D:4      | HP: 13/78 [two-headed ogre/+0 giant club (17)]
  3940 | D:4      | Mangled by a two-headed ogre

Levels and vault maps discovered:
D:1:      minmay_arrival_glassed_features, layout_loops_corners,
          hellmonk_ecumenical_altar_lost_god, serial_shops, shop, st_stairs_8,
          corexii_corridor_pit, grunt_decor_mini_mirrors,
          minmay_misc_feat_alley, minmay_cupped
D:2:      layout_rooms
D:3:      layout_basic
D:4:      layout_rooms, nicolae_overflow_hallway_of_the_gods,
          cheibrodos_sewer_entry_bend, hex_medium
D:5:      layout_loops_ring, kiku_gazebo_pond_becter,
          gammafunk_temple_overflow_elements, temple_fountains, serial_shops,
          shop_statue

Skill      XL: |  1  2  3  4  5  6 |
---------------+-------------------+-----
Axes           | 4 5 6 7 8 |  8.8
Fighting       | 4 |  4.3
Armour         | 3 |  3.0
Dodging        | |  2.1

Action                   |  1- 3 |  4- 6 || total
-------------------------+-------+-------++-------
Melee: Hand axe          |    81 |    88 ||   169
       Headbutt          |    14 |    12 ||    26
       Punch             |       |     1 ||     1
Invok: Berserk           |     2 |     3 ||     5
  Use: Scroll            |     9 |     3 ||    12
       Potion            |     2 |     2 ||     4
Armor: Animal skin       |    11 |       ||    11
       Ring mail         |     4 |    20 ||    24
       Leather armour    |     4 |       ||     4
       Plate armour      |       |     6 ||     6
Dodge: Dodged            |    42 |    39 ||    81

Table legend:
 A = Non-vault XP
 B = Vault XP
 C = Vault XP percentage of total XP
 D = Non-vault monster count
 E = Vault monster count
 F = Vault count percentage of total count
                 A         B        C        D         E       F
            +---------+---------+-------+---------+---------+-------
      Total |     622 |      15 |   2.4 |      72 |       6 |   7.7
            +---------+---------+-------+---------+---------+-------
        D:1 |      36 |      10 |  21.7 |      24 |       5 |  17.2
        D:2 |      20 |       0 |   0.0 |       5 |       0 |   0.0
        D:3 |     117 |       0 |   0.0 |      19 |       0 |   0.0
        D:4 |     446 |       5 |   1.1 |      23 |       1 |   4.2
        D:5 |       3 |       0 |   0.0 |       1 |       0 |   0.0
            +---------+---------+-------+---------+---------+-------
